 Dungeon Crawl Stone Soup version 0.26.1-11-gd32895ea62 (webtiles) character file.

Game seed: 4749684013833778618

139 buriedalive the Chiller (level 5, 0/42 HPs)
             Began as a Deep Elf Ice Elementalist on June 18, 2021.
             Slain by an orc
             ... wielding a +0 dagger
              (1 damage)
             ... on level 4 of the Dungeon.
             The game lasted 00:06:01 (3148 turns).

buriedalive the Chiller (Deep Elf Ice Elementalist) Turns: 3148, Time: 00:06:01

Health: 0/42       AC:  3    Str:  5    XL:     5   Next: 1%
Magic:  6/11       EV: 30    Int: 21    God:
Gold:   114        SH:  0    Dex: 15    Spells: 3/10 levels left

rFire    . . .     SeeInvis .   g - +0 dagger
rCold    . . .     Faith    .   (no shield)
rNeg     . . .     Spirit   .   a - +0 robe
rPois    .         Reflect  .   (no helmet)
rElec    .         Harm     .   e - +0 cloak
rCorr    .         Rampage  .   (no gloves)
Will     .....                  (no boots)
Stlth    ..........             q - amulet of the acrobat
HPRegen  0.14/turn              (no ring)
MPRegen  0.12/turn              (no ring)

@: berserking (expiring), acrobat, very quick
A: no striking features
a: no special abilities


You were on level 4 of the Dungeon.
You visited 1 branch of the dungeon, and saw 4 of its levels.

You collected 114 gold pieces.

Inventory:

Hand Weapons
 g - a +0 dagger (weapon)
Missiles
 i - 14 poisoned darts
 p - 42 stones
 t - 5 boomerangs
Armour
 a - a +0 robe (worn)
 e - a +0 cloak (worn)
Jewellery
 q - an amulet of the acrobat (around neck)
 v - an uncursed ring of resist corrosion {unknown}
Scrolls
 f - a scroll of remove curse
 m - a scroll of immolation {unknown}
 n - a scroll of identify
 o - 2 scrolls of enchant weapon {unknown}
 s - a scroll of fog {unknown}
Potions
 b - a potion of might {unknown}
 c - a potion of cancellation {unknown}
 d - a potion of berserk rage
 h - a potion of heal wounds {unknown}
 j - a potion of flight {unknown}
 k - a potion of curing {unknown}
 l - a potion of lignification {unknown}
 r - 2 potions of brilliance {unknown}
 u - a potion of haste {unknown}


   Skills:
 + Level 4.7 Dodging
 - Level 2.4 Stealth
 - Level 3.0 Spellcasting
 + Level 5.8 Ice Magic


You had 3 spell levels left.
You knew the following spells:

 Your Spells              Type           Power        Failure   Level
a - Freeze                Ice            100%         1%          1
b - Frozen Ramparts       Ice            54%          3%          3
c - Ozocubu's Armour      Ice            27%          3%          3

Your spell library contained the following spells:

 Spells                   Type           Power        Failure   Level
 Hailstorm                Conj/Ice       15%          36%         4
 Summon Ice Beast         Ice/Summ       15%          36%         4


Dungeon Overview and Level Annotations

Branches:
Dungeon (4/15)
 Temple: D:4-7

Altars:
Cheibriados
Sif Muna


Message History

The spell is quite dangerous to cast (3% risk of failure)!
Continue anyway?
Okay, then.
Unknown command.
It was a potion of berserk rage.
A red film seems to cover your vision as you go berserk!
You feel yourself moving faster!
You feel mighty!
The orc shouts!
The orc completely misses you. The orc hits you with a +0 trident.
* * * LOW HITPOINT WARNING * * *
Unknown command.
You puncture the orc!
You kill the orc!
The orc hits you.
* * * LOW HITPOINT WARNING * * *
You have reached level 5!
You puncture the orc!
You kill the orc!
You feel a strong urge to attack something.
The orc hits you with a +0 dagger.
You die...

#.##>. #.... .# #.... ...
. #... #... .o...
...#..... #... #..#.....
#.... #o.....## ...
#@.......
.####.####......##
.................(
##...#..))....####
##...........#######
....................#
###...####.....####<###
#... #............#
#....####.##...####..#####


You could see an orc.

Vanquished Creatures
  An orc priest (D:4)
  Jessica (D:3)
  2 adders (D:3)
  A worm (D:3)
  6 orcs
  3 giant cockroaches
  10 goblins
  5 hobgoblins
  5 kobolds
  2 quokkas (D:3)
  2 ball pythons
  9 bats
  5 frilled lizards
  6 rats
58 creatures vanquished.

Notes
Turn   | Place    | Note
-------+----------+-------------------------------------------
     0 | D:1      | buriedalive the Deep Elf Ice Elementalist began the quest
                  | for the Orb.
     0 | D:1      | Reached XP level 1. HP: 10/10 MP: 6/6
   229 | D:1      | Reached XP level 2. HP: 15/15 MP: 2/8
  1549 | D:2      | Found a snail-covered altar of Cheibriados.
  1549 | D:2      | Found a shimmering blue altar of Sif Muna.
  1769 | D:2      | Reached XP level 3. HP: 19/19 MP: 9/9
  2084 | D:3      | Reached skill level 5 in Ice Magic
  2087 | D:3      | Noticed Jessica
  2098 | D:3      | Killed Jessica
  2113 | D:3      | Reached XP level 4. HP: 20/24 MP: 4/10
  2217 | D:3      | Learned a level 3 spell: Frozen Ramparts
  2221 | D:3      | Learned a level 3 spell: Ozocubu's Armour
  3145 | D:4      | HP: 1/36 [orc (2)]
  3146 | D:4      | Reached XP level 5. HP: 1/28 MP: 6/11
  3148 | D:4      | Slain by an orc

Illustrated notes

Levels and vault maps discovered:
D:1:      nzn_arrival_settlement, layout_basic, corexii_corridor_pit
D:2:      layout_basic, amethyst_overflow_temple_binary
D:3:      layout_rooms, uniq_jessica
D:4:      layout_rooms, old_standard_altar, makhleb_blood_cavern_becter

Skill      XL: |  1  2  3 |
---------------+----------+-----
Dodging        | 3 4 |  4.7
Ice Magic      | 5 |  5.8
Stealth        | |  2.4
Spellcasting   | |  3.0

Action                   |  1- 3 |  4- 6 || total
-------------------------+-------+-------++-------
Melee: Unarmed           |    10 |       ||    10
       Dagger            |    19 |    23 ||    42
 Cast: Freeze            |    38 |    33 ||    71
  Use: Scroll            |       |     4 ||     4
       Potion            |       |     1 ||     1
 Stab: Sleeping          |     5 |     3 ||     8
Armor: Robe              |    13 |     4 ||    17
Dodge: Dodged            |    41 |    46 ||    87
